 Dungeon Crawl Stone Soup version 0.28.0-1-gb440e238dd (webtiles) character file.

Game seed: 4517058210653305035

753 Strat the Spear-Bearer (level 7, -8/55 HPs)
             Began as a Merfolk Gladiator on Feb 25, 2022.
             Was an Initiate of Gozag.
             Splashed by a jelly's acid (10 damage)
             ... on level 6 of the Dungeon.
             The game lasted 00:07:33 (4591 turns).

Strat the Spear-Bearer (Merfolk Gladiator)          Turns: 4591, Time: 00:07:34

Health: -8/55      AC: -1    Str: 16    XL:     7   Next: 79%
Magic:  7/7        EV: 14    Int:  7    God:    Gozag
Gold:   351        SH:  0    Dex: 16    Spells: 6/6 levels left

rFire   . . .      SeeInvis .   a - +0 halberd
rCold   . . .      Faith    .   (shield currently unavailable)
rNeg    . . .      Spirit   .   b - +0 leather armour
rPois   .          Reflect  .   i - +0 helmet
rElec   .          Harm     .   h - +0 cloak
rCorr   .          Rampage  .   l - +0 pair of gloves
Will    .....                   (no boots)
Stlth   +.........              (no amulet)
HPRegen 0.18/turn               (no ring)
MPRegen 0.10/turn               (no ring)

@: weak-willed, corroded, gold aura
A: (nimble swimmer 2), mertail
a: Renounce Religion, Potion Petition, Call Merchant, Bribe Branch


You were on level 6 of the Dungeon.
You worshipped Gozag.
Gozag was aware of your devotion.
You visited 2 branches of the dungeon, and saw 9 of its levels.

You collected 402 gold pieces.
You paid 51 gold pieces to Gozag.

Inventory:

Hand Weapons
 a - a +0 halberd (weapon)
 s - the +1 halberd "Uqefuik" {freeze, Contam Fragile +Blink rC+++ Dex+7}
   (You found it on level 7 of the Dungeon)

   It freezes those it strikes, dealing additional cold damage.
   It can also slow down cold-blooded creatures.
   Dex:       It affects your dexterity (+7).
   rC:        It renders you almost immune to cold.
   +Blink:    It lets you blink.
   Contam:    It causes magical contamination when unequipped.
   Fragile:   It will be destroyed if unequipped.
 u - a +0 trident
Missiles
 d - 5 throwing nets (quivered)
 f - 36 stones
 m - 4 poisoned darts
 p - 6 datura-tipped darts
 t - 5 boomerangs
Armour
 b - a +0 leather armour (worn)
 c - a +0 helmet
 h - a +0 cloak (worn)
 i - a +0 helmet (worn)
 l - a +0 pair of gloves (worn)
Wands
 n - a wand of flame (24)
Scrolls
 e - a scroll of identify
Potions
 g - a potion of heal wounds
 j - a potion of haste
 k - a potion of mutation
 o - 4 potions of lignification
 q - a potion of ambrosia


   Skills:
 + Level 4.4 Fighting
 + Level 10.2 Polearms
 - Level 2.0 Throwing
 + Level 1.0 Armour
 - Level 6.0 Dodging


You had 6 spell levels left.
You didn't know any spells.
Your spell library contained the following spells:

 Spells                   Type           Power      Damage    Failure   Level
 Blink                    Tloc           0%         N/A       65%         2
 Lesser Beckoning         Tloc           0%         N/A       86%         3
 Manifold Assault         Tloc           0%         N/A       100%        5


Dungeon Overview and Level Annotations

Branches:
Dungeon (8/15)             Temple (1/1) D:4
   Lair: D:8-11

Altars:
Ashenzari
Cheibriados
Dithmenos
Elyvilon
Fedhas
Gozag
Kikubaaqudgha
Makhleb
Nemelex Xobeh
Okawaru
Ru
Sif Muna
Trog
Uskayaw
Vehumet
Wu Jian
Xom
Yredelemnul
Zin
The Shining One

Shops:
D:4 (

Portals:
Bailey: D:7

Annotations:
D:2 Natasha


Innate Abilities, Weirdness & Mutations

((You are very nimble when in or above water. (Stealth+, EV+, Speed+++)))
Your lower body shifts to a powerful aquatic tail in water.


Message History

You puncture the howler monkey!
The howler monkey is severely wounded.
The jelly barely misses you. The howler monkey misses you.
You hit the howler monkey but do no damage.
The howler monkey is severely wounded.
The jelly closely misses you. The howler monkey hits you.
A phantom comes into view.
You hit the howler monkey but do no damage.
The howler monkey is severely wounded.
The howler monkey barely misses you. The jelly hits you but does no damage.
Unknown command.
Unknown command.
The howler monkey hoots and howls with incredible vigour!
The phantom hits you but does no damage.
You hear a shout! x2
You completely miss the jelly. The jelly closely misses you.
The phantom hits you but does no damage.
You barely miss the jelly. The jelly hits you.
* * * LOW HITPOINT WARNING * * *
The acid corrodes you!
You are splashed with acid!
* * * LOW HITPOINT WARNING * * *
The phantom barely misses you.
Unknown command.
The howler monkey hoots and howls with incredible vigour!
The phantom hits you!
* * * LOW HITPOINT WARNING * * *
You hear a shout! x4
The jelly hits you.
* * * LOW HITPOINT WARNING * * *
The acid corrodes you!
You are splashed with acid!
* * * LOW HITPOINT WARNING * * *
As you read the scroll labelled ZIJOEP SISMU, it crumbles to dust.
Magic quickly surges around you.
It was a scroll of vulnerability.
The phantom hits you.
* * * LOW HITPOINT WARNING * * *
The jelly hits you.
* * * LOW HITPOINT WARNING * * *
You are splashed with acid!
You die...
Your body crumbles into a pile of gold.

#######.....#
#####....##.....#
................#
...$.....##.....#
≈........##.....#
≈≈....... #.....#
≈≈≈≈....# #.....#
≈≈≈≈≈≈≈@###.>...#
≈≈≈≈≈..WJ##.....##
§§§≈≈...h.$$.....#
≈≈§≈....#####.##..#
$ §≈≈.....# .# ..#
≈≈≈.....# ## .#
≈≈≈.....# #
≈≈....... ≈§.....


You could see a phantom (weak-willed), a howler monkey (weak-willed) and a jelly
(weak-willed).

Vanquished Creatures
  An ice beast (D:7)
  A necrophage (D:7)
  An ogre (D:4)
  A scorpion (D:5)
  2 centaur zombies (D:8)
  A hound (D:3)
  A jelly (D:6)
  A gnoll shaman (D:7)
  An iguana (D:4)
  Natasha (twice) (D:2)
  A killer bee zombie (D:7)
  A hound skeleton (D:4)
  A howler monkey zombie (D:8)
  4 adders
  6 gnolls
  A white imp (D:6)
  An ufetubus (D:4)
  A worm (D:2)
  2 dart slugs
  An orc (D:4)
  4 bats
  7 endoplasms
  4 giant cockroaches
  4 goblins
  3 quokkas
  6 ball pythons
  4 frilled lizards
  6 kobolds
  8 rats
77 creatures vanquished.

Notes
Turn   | Place    | Note
-------+----------+-------------------------------------------
     0 | D:1      | Strat the Merfolk Gladiator began the quest for the Orb.
     0 | D:1      | Reached XP level 1. HP: 16/16 MP: 1/1
   175 | D:1      | Reached skill level 5 in Polearms
   333 | D:1      | Reached XP level 2. HP: 22/22 MP: 2/2
   338 | D:1      | Found a faded altar of an unknown god.
   887 | D:2      | Reached skill level 6 in Polearms
   887 | D:2      | Reached XP level 3. HP: 27/27 MP: 3/3
  1022 | D:2      | Noticed Natasha
  1030 | D:2      | Killed Natasha
  1321 | D:2      | Reached XP level 4. HP: 21/34 MP: 4/4
  1978 | D:2      | Noticed Natasha
  1984 | D:2      | Killed Natasha
  2004 | D:2      | Noticed Natasha
  2188 | D:3      | Reached XP level 5. HP: 41/41 MP: 5/5
  2512 | D:3      | Reached skill level 5 in Dodging
  2732 | D:4      | Found a staircase to the Ecumenical Temple.
  2745 | Temple   | Entered the Ecumenical Temple
  2913 | Temple   | Became a worshipper of Gozag Ym Sagoz the Greedy
  3102 | D:4      | Reached skill level 7 in Polearms
  3109 | D:4      | Found Panteam's Weapon Shop.
  3284 | D:4      | Found a white marble altar of Elyvilon.
  3387 | D:4      | Found a radiant altar of Vehumet.
  3412 | D:4      | Noticed an ogre
  3419 | D:4      | Killed an ogre
  3420 | D:4      | Reached XP level 6. HP: 48/48 MP: 6/6
  3424 | D:4      | Found a broken altar of Ashenzari.
  3729 | D:5      | Entered Level 5 of the Dungeon
  3737 | D:5      | Reached skill level 8 in Polearms
  3778 | D:5      | You fall into a shaft and drop 3 floors!
  4057 | D:7      | Noticed a water moccasin
  4057 | D:7      | Noticed an ice beast
  4071 | D:8      | Reached skill level 9 in Polearms
  4071 | D:8      | Reached XP level 7. HP: 53/54 MP: 7/7
  4097 | D:8      | Noticed a yak
  4098 | D:8      | Noticed a yak
  4099 | D:8      | Noticed a yak
  4099 | D:8      | Noticed a yak
  4100 | D:7      | Found a flagged portal.
  4107 | D:7      | Identified the +1 halberd "Uqefuik" {freeze, Contam Fragile
                  | +Blink rC+++ Dex+7}
  4179 | D:7      | Reached skill level 10 in Polearms
  4581 | D:6      | Reached skill level 1 in Armour
  4591 | D:6      | HP: 2/55 [jelly (2)]
  4591 | D:6      | Splashed by a jelly's acid

Illustrated notes

Levels and vault maps discovered:
D:1:      co_arrival_square_in_a_square_in_a_square, layout_loops_ring,
          ebering_ecumenical_altar_rust, hex_medium
D:2:      layout_basic, uniq_natasha
D:3:      layout_loops_cross
D:4:      layout_loops_ring, ashenzari_conservatory_becter,
          mainiacjoe_overflow_catwalk, elyvilon_altar_3,
          minmay_temple_entry_slanted, serial_shops,
          nicolae_shop_advertising_works [nicolae_subvault_shop_adworks]
D:5:      layout_cave_pools, nicolae_qazlal_scattered_showers,
          corexii_hall_statues_l, hangedman_decor_peaks_small,
          minmay_fractal_squares_diagonal_5
D:6:      layout_rooms, lemuel_old_faithful, uniq_maggie, uniq_menkaure
D:7:      layout_rooms, lemuel_round_altar, enter_bailey_2
D:8:      layout_basic, minmay_stone_trees_small
Temple:   minmay_crystal_spiral_temple

Skill      XL: |  1  2  3  4  5  6  7 |
---------------+----------------------+-----
Polearms       | 5 6 7 9 10 | 10.2
Fighting       | 3 4 |  4.4
Dodging        | 5 6 |  6.0
Armour         | 1 |  1.0
Throwing       | |  2.0

Action                   |  1- 3 |  4- 6 |  7- 9 || total
-------------------------+-------+-------+-------++-------
Melee: Trident           |    93 |   150 |       ||   243
       Punch             |       |     1 |       ||     1
       Halberd           |       |       |    55 ||    55
Evoke: Wand              |       |     6 |       ||     6
  Use: Scroll            |       |     9 |     1 ||    10
       Potion            |       |       |     2 ||     2
 Stab: Sleeping          |     1 |     6 |       ||     7
       Distracted        |       |     1 |       ||     1
Armor: Leather armour    |    15 |    41 |    17 ||    73
Dodge: Dodged            |    45 |    86 |    35 ||   166
